 Dungeon Crawl Stone Soup version 0.30.1-4-g462c640d31 (webtiles) character file.

Game seed: 18031269321369676679

69 Wiggles the Chopper (level 4, -3/61 HPs)
             Began as a Minotaur Berserker on Aug 24, 2023.
             Was a Believer of Trog.
             Slain by Pikel
             ... wielding a +1 whip of freezing
              (9 damage)
             ... on level 4 of the Dungeon.
             The game lasted 00:03:21 (3083 turns).

Wiggles the Chopper (Minotaur Berserker)            Turns: 3083, Time: 00:03:22

Health: -3/61      AC: 11    Str: 24    XL:     4   Next: 2%
Magic:  3/3        EV: 11    Int:  4    God:    Trog [**....]
Gold:   115        SH:  0    Dex:  9    Spells: 3/3 levels left

rFire   . . .        a - +0 hand axe
rCold   . . .        (no shield)
rNeg    . . .        r - +0 ring mail
rPois   .            (helmet restricted)
rElec   .            b - +1 cloak
rCorr   .            (no gloves)
SInv    .            (no boots)
Will    .....        (no amulet) Stlth
                     o - +4 ring of protection
HPRegen 0.30/turn    (no ring)
MPRegen 0.08/turn

%: no passive effects
@: berserking, very quick
A: horns 2, retaliatory headbutt
a: Renounce Religion, Berserk, Trog's Hand


You were on level 4 of the Dungeon.
You worshipped Trog.
Trog was pleased with you.
You visited 1 branch of the dungeon, and saw 4 of its levels.

You collected 115 gold pieces.

Inventory:

Hand Weapons
 a - a +0 hand axe (weapon)
Armour
 b - a +1 cloak (worn)
 r - a +0 ring mail (worn)
Jewellery
 o - a +4 ring of protection (left hand)
Scrolls
 c - a scroll of enchant armour {unknown}
 d - 2 scrolls of vulnerability {unknown}
 j - a scroll of teleportation {unknown}
 m - 2 scrolls of identify {unknown}
 n - a scroll of poison {unknown}
 q - 2 scrolls of magic mapping {unknown}
Potions
 e - 3 potions of curing {unknown}
 f - 2 potions of heal wounds {unknown}
 g - a potion of berserk rage {unknown}
 h - 2 potions of magic {unknown}
 i - 2 potions of ambrosia {unknown}
 k - 2 potions of degeneration {unknown}
 l - 2 potions of mutation {unknown}
 p - a potion of attraction {unknown}


   Skills:
 + Level 4.4 Fighting
 + Level 4.6 Axes
 + Level 2.7 Armour
 + Level 2.8 Dodging
 + Level 0.5 Stealth


You had 3 spell levels left.
You didn't know any spells.
Your spell library was empty.

Dungeon Overview and Level Annotations

Branches:
Dungeon (4/15)
 Temple: D:4-7

Altars:
Ru
Vehumet
Wu Jian

Annotations:
D:4 Pikel


Innate Abilities, Weirdness & Mutations

You have a pair of horns on your head.
You reflexively headbutt those who attack you in melee.


Message History

The lemure closely misses you. You furiously retaliate!
You headbutt the lemure! The lemure closely misses you.
The lemure attacks as you move away! The lemure completely misses you.
The lemure barely misses you. The lemure hits you but does no damage.
The lemure attacks as you move away! The lemure hits you but does no damage.
The lemure attacks as you move away! The lemure closely misses you.
The lemure attacks as you move away! The lemure barely misses you.
A lemure comes into view.
Pikel, Merchant of Souls comes into view.
He is wielding a +1 whip of freezing.
The lemure attacks as you move away! The lemure misses you.
The lemure attacks as you move away! The lemure hits you but does no damage.
Pikel shouts!
The lemure shouts!
The lemure hits you but does no damage. x2
The lemure hits you but does no damage. The lemure attacks as you move away!
The lemure hits you but does no damage.
A red film seems to cover your vision as you go berserk!
You feel yourself moving faster!
You feel mighty! The lemure hits you! The lemure hits you but does no damage.
Pikel closely misses you.
You slash Pikel!
Pikel is moderately wounded.
You closely miss the lemure. You hit the lemure. You closely miss the lemure.
You miss Pikel.
Pikel is moderately wounded.
You slash the lemure!
You kill the lemure!
That felt strangely unrewarding.
You barely miss the lemure. You hit the lemure. The lemure hits you.
Pikel hits you with a +1 whip of freezing!
* * * LOW HITPOINT WARNING * * *
Pikel freezes you.
* * * LOW HITPOINT WARNING * * *
The lemure closely misses you.
You closely miss Pikel.
Pikel is moderately wounded.
You closely miss the lemure.
You hit the lemure. x2; The lemure hits you.
* * * LOW HITPOINT WARNING * * *
The lemure hits you.
* * * LOW HITPOINT WARNING * * *
Pikel hits you with a +1 whip of freezing!
You die...

..## .. ...#...
...#...
####.......
#.........#
#.........#
#...5...#
#..@K...# #
#..55...# .#
#.......####....#
#......).........
#.......####.#.#
##............<#
#........#....#
#.............#
#.......###...##


You could see Pikel and 3 lemures.

Vanquished Creatures
  A lemure (D:4)
  2 adders
  2 worms (D:3)
  2 dart slugs
  5 orcs
  4 endoplasms
  3 goblins
  3 hobgoblins
  4 kobolds
  5 ball pythons
  5 bats (D:1)
  A rat (D:3)
37 creatures vanquished.

Notes
Turn   | Place    | Note
-------+----------+-------------------------------------------
     0 | D:1      | Wiggles the Minotaur Berserker began the quest for the Orb.
     0 | D:1      | Reached XP level 1. HP: 19/19 MP: 0/0
   596 | D:1      | Reached XP level 2. HP: 15/27 MP: 1/1
  1523 | D:2      | Reached XP level 3. HP: 27/33 MP: 2/2
  2182 | D:3      | Found a sacrificial altar of Ru.
  2446 | D:3      | Found a radiant altar of Vehumet.
  2480 | D:3      | Found an ornate altar of the Wu Jian Council.
  2620 | D:3      | Reached ** piety under Trog
  3054 | D:4      | Noticed a lemure
  3059 | D:4      | Noticed a lemure
  3061 | D:4      | Noticed a lemure
  3065 | D:4      | Reached XP level 4. HP: 31/41 MP: 3/3
  3075 | D:4      | Noticed a lemure
  3075 | D:4      | Noticed Pikel
  3082 | D:4      | Killed a lemure
  3083 | D:4      | Slain by Pikel

Illustrated notes

Levels and vault maps discovered:
D:1:      mrwooster_arrival_statue_2, layout_basic, minmay_tromino_i2
D:2:      layout_basic
D:3:      layout_basic, mainiacjoe_overflow_boulevard,
          pdpol_wu_jian_five_deadly_venoms, nicolae_vehumet_altar_sigil,
          chequers_jeans, glass_columns_c
D:4:      layout_basic, lemuel_mausoleum_altar_kikubaaqudgha, dk_xom_monty_hall,
          minmay_misc_feat_x, minmay_fire_ice_demons, uniq_pikel

Skill      XL: |  1  2 |
---------------+-------+-----
Fighting       | 4 |  4.4
Axes           | 4 |  4.6
Armour         | |  2.7
Dodging        | |  2.8
Stealth        | |  0.5

Action                     |  1- 3 |  4- 6 || total
---------------------------+-------+-------++-------
  Melee: Hand axe          |    87 |    10 ||    97
         Headbutt          |    17 |     1 ||    18
         Punch             |     1 |       ||     1
 Invoke: Berserk           |       |     1 ||     1
 Armour: Animal skin       |    10 |       ||    10
         Ring mail         |     7 |    13 ||    20
  Dodge: Dodged            |    62 |    13 ||    75
